 Dungeon Crawl Stone Soup version 0.23-a0-690-g0a1fc62 (webtiles) character file.

101 galech the Skirmisher (level 4, -1/37 HPs)
             Began as a Demonspawn Fighter on Jan 11, 2019.
             Slain by a gnoll
             ... wielding a +0 spear
              (6 damage)
             ... on level 2 of the Dungeon.
             The game lasted 00:01:22 (1504 turns).

galech the Skirmisher (Demonspawn Fighter)          Turns: 1504, Time: 00:01:22

Health: -1/37      AC:  9    Str: 16    XL:     4   Next: 48%
Magic:  4/4        EV:  7    Int:  9    God:
Gold:   67         SH:  9    Dex: 14    Spells: 3/3 levels left

rFire    . . .     SeeInvis .   a - +0 war axe
rCold    . . .     Gourm    .   c - +0 shield
rNeg     . . .     Faith    .   b - +0 scale mail
rPois    .         Spirit   .   (helmet restricted)
rElec    .         Reflect  .   n - +0 cloak
rCorr    .         Harm     .   (no gloves)
MR       .....                  (no boots)
Stlth    ..........             (no amulet)
HPRegen  0.12/turn              (no ring)
MPRegen  0.09/turn              (no ring)

@: no status effects
A: horns 1, rugged brown scales 1, spiny 1
a: no special abilities


You were on level 2 of the Dungeon.
You were not hungry.

You visited 1 branch of the dungeon, and saw 2 of its levels.

You collected 67 gold pieces.

Inventory:

Hand Weapons
 a - a +0 war axe (weapon)
Armour
 b - a +0 scale mail (worn)
 c - a +0 shield (worn)
 n - a +0 cloak (worn)
Scrolls
 e - 3 scrolls of identify {unknown}
 h - a scroll of fear {unknown}
 i - 2 scrolls of teleportation {unknown}
 j - a scroll of magic mapping {unknown}
 k - 2 scrolls of remove curse {unknown}
 m - a scroll of blinking {unknown}
Potions
 d - a potion of might
 l - a potion of cancellation {unknown}
Comestibles
 f - 3 rations


   Skills:
 + Level 3.6 Fighting
 + Level 2.7 Axes
 + Level 3.3 Armour
 + Level 0.3 Dodging
 + Level 0.2 Stealth
 + Level 3.1 Shields


You had 3 spell levels left.
You didn't know any spells.
Your spell library was empty.

Dungeon Overview and Level Annotations

Branches:
Dungeon (2/15)

Altars:
Cheibriados
Nemelex Xobeh


Innate Abilities, Weirdness & Mutations

You have a pair of small horns on your head.
You are partially covered in rugged brown scales. (AC +1, +3% HP)
You are partially covered in sharp spines.


Message History

a +0 whip; a gnoll corpse Your shield prevents you from hitting the gnoll.
You barely miss the gnoll. The gnoll is struck by your spines.
The gnoll hits you with a +0 flail. You block the gnoll's attack.
The gnoll is struck by your spines. The gnoll hits you with a +0 spear.
* * * LOW HITPOINT WARNING * * *
You are too injured to fight recklessly!
You are too injured to fight recklessly!
You are too injured to fight recklessly!
You are too injured to fight recklessly!
You are too injured to fight recklessly!
You hit the gnoll.
The gnoll is severely wounded.
You hit the gnoll. You block the gnoll's attack.
The gnoll hits you but does no damage. The gnoll barely misses you. x2
The gnoll hits you with a +0 flail.
* * * LOW HITPOINT WARNING * * *
Unknown command.
The gnoll hits you from afar with a +0 spear.
You die...

##### #...# #'#.## #.#..#
##%##.######## #...#........#
##.@.#####....# ############
#.)...# ##....###### ..(........#
#ggg..# #...........
....)...####....8....###...######
.......## ......#......###.##....
.....###_.....8###8..... ####.###
###### ##..... .....# #.#..
###... ...### #.#.# ###. ###
#.#.#


You could see 3 gnolls.

Vanquished Creatures
  A worker ant (D:2)
  A gnoll (D:2)
  2 adders (D:2)
  2 worms (D:2)
  4 dart slugs
  A leopard gecko (D:2)
  9 bats
  5 goblins
  5 hobgoblins
  A kobold (D:2)
  A quokka (D:2)
  3 frilled lizards
  2 rats
37 creatures vanquished.

Notes
Turn   | Place    | Note
-------+----------+-------------------------------------------
     0 | D:1      | galech the Demonspawn Fighter began the quest for the Orb.
     0 | D:1      | Reached XP level 1. HP: 18/18 MP: 1/1
    48 | D:1      | Gained mutation: You are partially covered in sharp spines.
                  | [demonic ancestry]
    48 | D:1      | Reached XP level 2. HP: 15/24 MP: 2/2
   890 | D:2      | Gained mutation: You have a pair of small horns on your
                  | head. [demonic ancestry]
   890 | D:2      | Reached XP level 3. HP: 28/29 MP: 3/3
  1284 | D:2      | Found a snail-covered altar of Cheibriados.
  1417 | D:2      | Gained mutation: You are partially covered in rugged brown
                  | scales. (AC +1, +3% HP) [demonic ancestry]
  1417 | D:2      | Reached XP level 4. HP: 25/36 MP: 4/4
  1501 | D:2      | Found a sparkling altar of Nemelex Xobeh.
  1504 | D:2      | Slain by a gnoll

Vault maps used:
D:1:      ebering_trefoil_twist, minmay_misc_feat_roman
D:2:      kennysheep_slug_shrine, minmay_overflow_temple_star_quad

Skill      XL: |  1  2  3 |
---------------+----------+-----
Armour         | 3 |  3.3
Axes           | 2 |  2.7
Shields        | 3 |  3.1
Fighting       | |  3.6
Dodging        | |  0.3
Stealth        | |  0.2

Action                   |  1- 3 |  4- 6 || total
-------------------------+-------+-------++-------
Melee: War axe           |    73 |    12 ||    85
       Headbutt          |     5 |     3 ||     8
  Eat: Chunk             |     2 |       ||     2
Armor: Scale mail        |    30 |     3 ||    33
Dodge: Dodged            |    20 |     5 ||    25
Block: Shield            |    37 |     3 ||    40

Table legend:
 A = Non-vault XP
 B = Vault XP
 C = Vault XP percentage of total XP
 D = Non-vault monster count
 E = Vault monster count
 F = Vault count percentage of total count
                 A         B        C        D         E       F
            +---------+---------+-------+---------+---------+-------
      Total |     141 |       4 |   2.8 |      36 |       1 |   2.7
            +---------+---------+-------+---------+---------+-------
        D:1 |      37 |       0 |   0.0 |      18 |       0 |   0.0
        D:2 |     104 |       4 |   3.7 |      18 |       1 |   5.3
            +---------+---------+-------+---------+---------+-------
